 Dungeon Crawl Stone Soup version 0.19.3-4-gbf9329e (webtiles) character file.

256 Ponchio the Magician (level 5, -3/28 HPs)
             Began as a Deep Elf Fire Elementalist on Jan 29, 2017.
             Killed by divine providence
             ... invoked by an orc priest
              (9 damage)
             ... on level 4 of the Dungeon.
             The game lasted 00:25:17 (3286 turns).

Ponchio the Magician (Deep Elf Fire Elementalist)   Turns: 3286, Time: 00:25:17

Health: -3/28      AC:  4    Str:  5    XL:     5   Next: 92%
Magic:  11/26      EV: 13    Int: 21    God:
Gold:   234        SH:  0    Dex: 15    Spells: 2 memorised, 16 levels left

rFire  . . .     SeeInvis .     u - +0 quarterstaff (speed)
rCold  + . .     Gourm    .     s - +2 robe {rC+}
rNeg   + . .     Faith    .     (shield currently unavailable)
rPois  .         Spirit   .     (no helmet)
rElec  .         Reflect  .     (no cloak)
rCorr  .         Harm     .     (no gloves)
MR     .....                    (no boots)
Stlth  ++........               (no amulet)
                                i - ring of positive energy
                                p - ring of magical power

@: no status effects
A: no striking features
a: no special abilities


You were on level 4 of the Dungeon.
You were not hungry.

You visited 1 branch of the dungeon, and saw 6 of its levels.

You collected 234 gold pieces.

Inventory:

Hand Weapons
 f - a +0 whip
 m - a +0 dagger
 u - a +0 quarterstaff of speed (weapon)
Armour
 a - a +0 robe
 s - a +2 robe of cold resistance (worn)
Jewellery
 i - a ring of positive energy (right hand)
 p - a ring of magical power (left hand)
Scrolls
 h - a scroll of enchant armour {unknown}
 q - a scroll of remove curse
 x - a scroll of identify
Potions
 d - a potion of haste
 e - a potion of brilliance
 g - a potion of lignification
 k - a potion of invisibility
 l - a potion of ambrosia {unknown}
 o - 2 potions of curing
 v - a potion of degeneration {unknown}
 w - a potion of agility {unknown}
Books
 b - a book of Flames

   Spells                             Type                      Level
   a - Flame Tongue                   Conjuration/Fire             1
   b - Throw Flame                    Conjuration/Fire             2
   c - Conjure Flame                  Conjuration/Fire             3
   d - Inner Flame                    Hexes/Fire                   3
   e - Sticky Flame                   Conjuration/Fire             4
   f - Fireball                       Conjuration/Fire             5
Comestibles
 c - 4 bread rations
 j - a beef jerky
 n - 9 fruits
 r - 2 meat rations
 t - 3 chunks of flesh


   Skills:
 - Level 0.5 Fighting
 - Level 1.3 Staves
 - Level 2.8 Dodging
 - Level 2.4 Stealth
 + Level 7.6 Spellcasting
 - Level 1.1 Conjurations
 - Level 3.5 Fire Magic


You had 16 spell levels left.
You knew the following spells:

 Your Spells              Type           Power        Failure   Level  Hunger
a - Flame Tongue          Conj/Fire      ###..        3%          1    None
b - Throw Flame           Conj/Fire      ###...       6%          2    None


Dungeon Overview and Level Annotations

Branches:
Dungeon (6/15)
 Temple: D:4-7

Altars:
Cheibriados
Hepliaklqana
Makhleb
Okawaru
Xom

Shops:
D:6 }

Annotations:
D:4 tschems's ghost, amateur HuFi


Message History

Confirm with . or Enter, or press ? or * to list all spells.
Aiming: Flame Tongue
Press: ? - help, Shift-Dir - straight line, f/p - orc wizard
Aim: an orc wizard, wielding a dagger and wearing a robe (almost dead)
The flame tongue hits the orc wizard.
You kill the orc wizard!
The orc priest hits you with a dagger.
The orc priest calls down the wrath of Beogh upon you.
Beogh smites you!
* * * LOW HITPOINT WARNING * * *
Casting: Flame Tongue
Confirm with . or Enter, or press ? or * to list all spells.
Aiming: Flame Tongue
Press: ? - help, Shift-Dir - straight line, f - orc priest
Aim: an orc priest, wielding a dagger The flame tongue misses the orc priest.
The flame tongue hits the orc.
The orc is heavily wounded.
The orc priest calls down the wrath of Beogh upon you.
Beogh smites you!
You die...

#.#.## ##.# #.##.###.##
#.......##
####.#.########
#.#.###....#####.
#..#.............
###.####...##### ###
##.## #. ..# #@# .#.# #.#
##.## ..... #.# #oo(#
##### #... #.#
#.o.#...... ##...## #.#
#....)...#
#.....####.####...#....(.
..............>..........
......................>#.
........#.#............#


You could see an orc priest and 2 orcs.

Vanquished Creatures
  A gnoll shaman (D:3)
  An orc wizard (D:4)
  Jessica (D:2)
  A worker ant (D:3)
  6 adders
  A shadow imp (D:5)
  A worm (D:3)
  6 dart slugs
  3 leopard geckos
  3 orcs
  5 giant cockroaches
  7 hobgoblins
  3 jackals (D:1)
  2 quokkas (D:2)
  7 bats
  5 frilled lizards
  5 goblins
  4 kobolds
  12 rats
74 creatures vanquished.

Notes
Turn   | Place    | Note
-------+----------+-------------------------------------------
     0 | D:1      | Ponchio the Deep Elf Fire Elementalist began the quest for the Orb.
     0 | D:1      | Reached XP level 1. HP: 10/10 MP: 6/6
   362 | D:1      | Reached XP level 2. HP: 15/15 MP: 6/8
   372 | D:1      | You fall through a shaft!
   460 | D:2      | Reached skill level 4 in Spellcasting
   505 | D:2      | Reached XP level 3. HP: 19/19 MP: 6/10
   642 | D:2      | Found a burning altar of Makhleb.
   733 | D:2      | Noticed Jessica
   740 | D:2      | Killed Jessica
   740 | D:2      | Reached skill level 5 in Spellcasting
   740 | D:2      | Reached XP level 4. HP: 24/24 MP: 6/13
   853 | D:2      | Found a hazy altar of Hepliaklqana.
   853 | D:2      | Found an iron altar of Okawaru.
  1217 | D:1      | Learned a level 2 spell: Throw Flame
  1762 | D:1      | Reached skill level 1 in Staves
  2179 | D:3      | Reached skill level 6 in Spellcasting
  2253 | D:3      | Reached XP level 5. HP: 26/28 MP: 13/15
  2535 | D:3      | Found a snail-covered altar of Cheibriados.
  2674 | D:3      | Found a shimmering altar of Xom.
  2757 | D:3      | You fall through a shaft for 3 floors!
  2761 | D:6      | Found Nangewig's Gadget Boutique.
  2765 | D:5      | Entered Level 5 of the Dungeon
  2920 | D:4      | Noticed tschems's ghost (amateur HuFi)
  3151 | D:3      | Reached skill level 7 in Spellcasting
  3286 | D:4      | Killed from afar by an orc priest

Skill      XL: |  1  2  3  4  5 |
---------------+----------------+-----
Spellcasting   | 4 5 6 7 |  7.6
Staves         | 1 |  1.3
Fighting       | |  0.5
Dodging        | |  2.8
Stealth        | |  2.4
Conjurations   | |  1.1
Fire Magic     | |  3.5

Action                   |  1- 3 |  4- 6 || total
-------------------------+-------+-------++-------
Melee: Dagger            |     1 |       ||     1
       Quarterstaff      |       |    61 ||    61
 Cast: Flame Tongue      |    33 |    51 ||    84
       Throw Flame       |       |    54 ||    54
  Use: Scroll            |       |    14 ||    14
 Stab: Sleeping          |     1 |     1 ||     2
  Eat: Chunk             |       |     7 ||     7
Armor: Robe              |       |    16 ||    16
Dodge: Dodged            |     6 |    42 ||    48
